 Dungeon Crawl Stone Soup version 0.27-a0-345-g7370b58738 (webtiles) character file.

Game seed: 17007282347235981853

10120 EldarEldrad the Cleaver (level 11, -21/86 HPs)
             Began as a Minotaur Berserker on Feb 15, 2021.
             Was a High Priest of Trog.
             Demolished by a bog body (29 damage)
             ... on level 2 of the Lair of Beasts on Feb 16, 2021.
             The game lasted 00:37:21 (13688 turns).

EldarEldrad the Cleaver (Minotaur Berserker)       Turns: 13688, Time: 00:37:32

Health: -21/86     AC: 14    Str: 30    XL:     11   Next: 32%
Magic:  10/10      EV: 11    Int:  4    God:    Trog [*****.]
Gold:   829        SH:  0    Dex: 11    Spells: 10/10 levels left

rFire    + . .     SeeInvis .   b - +10 flail of Moral Flaws {venom, Str+3}
rCold    . . .     Faith    .   (no shield)
rNeg     . . .     Spirit   .   I - +1 scale mail "Zaosues" {Str+3}
rPois    +         Reflect  .   (helmet restricted)
rElec    .         Harm     .   w - +0 cloak
rCorr    .         Rampage  .   C - +0 pair of gloves
Will     .....                  f - +0 pair of boots
Stlth    ..........             o - amulet of magic regeneration
HPRegen  0.24/turn              x - ring of protection from fire
MPRegen  0.37/turn              H - ring of poison resistance

@: slowed, very slow
A: retaliatory headbutt, horns 2
a: Renounce Religion, Berserk, Trog's Hand, Brothers in Arms


You were on level 2 of the Lair of Beasts.
You worshipped Trog.
Trog was extremely pleased with you.
You visited 3 branches of the dungeon, and saw 13 of its levels.

You collected 829 gold pieces.

Inventory:

Hand Weapons
 a - a +0 war axe
 b - the +10 flail of Moral Flaws (weapon) {venom, Str+3}
   (You found it on level 9 of the Dungeon)

   It poisons the flesh of those it strikes.
   It affects your strength (+3).
Missiles
 t - 21 poisoned darts (quivered)
Armour
 e - a +0 chain mail
 f - a +0 pair of boots (worn)
 l - a +0 kite shield
 r - a +0 plate armour
 w - a +0 cloak (worn)
 C - a +0 pair of gloves (worn)
 I - the +1 scale mail "Zaosues" (worn) {Str+3}
   (You found it on level 6 of the Dungeon)

   It affects your strength (+3).
 L - a +2 kite shield
Jewellery
 o - an amulet of magic regeneration (around neck)
 p - a ring of positive energy
 x - a ring of protection from fire (left hand)
 y - a ring of resist corrosion
 H - a ring of poison resistance (right hand)
Wands
 k - a wand of iceblast (5)
 u - a wand of acid (13)
 E - a wand of flame (31)
 P - a wand of paralysis (10)
Scrolls
 c - 3 scrolls of fear {unknown}
 d - 6 scrolls of amnesia {unknown}
 g - 2 scrolls of noise {unknown}
 j - 2 scrolls of enchant weapon {unknown}
 m - 2 scrolls of magic mapping {unknown}
 q - 7 scrolls of teleportation
 v - a scroll of enchant armour {unknown}
 A - 3 scrolls of immolation {unknown}
 D - a scroll of fog
 K - a scroll of vulnerability {unknown}
 M - a scroll of blinking {unknown}
 N - a scroll of identify
Potions
 h - 2 potions of lignification
 i - 8 potions of curing
 n - 2 potions of heal wounds
 s - a potion of mutation
 z - 2 potions of flight
 B - 2 potions of might
 F - a potion of attraction
 G - 3 potions of invisibility
 J - 2 potions of haste {unknown}
 O - a potion of ambrosia {unknown}


   Skills:
 - Level 5.0 Fighting
 - Level 14.0 Axes
 - Level 12.0 Armour
 - Level 2.1 Dodging
 * Level 7.5 Shields
 - Level 5.0 Evocations


You had 10 spell levels left.
You didn't know any spells.
Your spell library was empty.

Dungeon Overview and Level Annotations

Branches:
Dungeon (10/15)            Temple (1/1) D:7            Lair (2/6) D:10
  Swamp (0/4) Lair:2          Orc (0/2) D:9
  Snake: Lair:2-4    Spider: Lair:2-4

Altars:
Ashenzari
Cheibriados
Dithmenos
Elyvilon
Fedhas
Gozag
Hepliaklqana
Kikubaaqudgha
Makhleb
Nemelex Xobeh
Okawaru
Qazlal
Ru
Sif Muna
Trog
Uskayaw
Vehumet
Wu Jian
Xom
Yredelemnul
Zin
The Shining One
Beogh

Shops:
D:8 (

Annotations:
D:9 3 runed translucent doors, KennyOmg's ghost, journeyman MiBe


Innate Abilities, Weirdness & Mutations

You reflexively headbutt those who attack you in melee.
You have a pair of horns on your head.


Message History

The cane toad is severely wounded.
The cane toad completely misses you.
You thump the cane toad!
The cane toad is almost dead.
The cane toad closely misses you.
You sock the cane toad!
You kill the cane toad!
Trog accepts your kill.
Found a stone staircase leading down.
You see here a cane toad corpse.
There is a stone staircase leading down here.
There is a stone staircase leading up here. 2 bog bodies come into view.
Found 17 gold pieces.
Found a staircase to the Swamp.
The bog body points at you and mumbles some strange words.
You feel yourself slow down. The bog body closely misses you.
You sock the bog body! You headbutt the bog body!
The bog body is severely damaged.
The bog body touches you but does no damage.
You bludgeon the bog body!!
You destroy the bog body!
Trog accepts your kill.
Trog appreciates your killing of a magic user.
Your Shields skill increases to level 7!
The bog body touches you. The bog body freezes you!! The bog body touches you!
The bog body freezes you!!
* * * LOW HITPOINT WARNING * * *
Found a scroll labelled GUIGITUYJA.
Found a stone staircase leading up.
You sock the bog body!
The bog body is moderately damaged.
The bog body barely misses you. You furiously retaliate!
You headbutt the bog body. You bludgeon the bog body!!
You headbutt the bog body, but do no damage.
The bog body is almost destroyed.
The bog body touches you.
* * * LOW HITPOINT WARNING * * *
The bog body freezes you!!
You die...

#.....# #...#### #...#
##...### ##.## ###..##
#....P# ##.#####.#...#
###....## #P..........##
#......# ##..###.#..##
#..##..# #### ###..#
.....#.#.# ..###.##..#
..#..##..####...........
..##.......†@.....$.§§.##
...P........#n.P.§§§§###
......##.#.##....§§§.
...##. #.....<..♣§§§ ..
#.#.##.##...≈§§♣ . ##.#
... P.§≈§≈§ ... ...
....≈≈♣ ## P...#.....?.
##.##


You could see a bog body.

Vanquished Creatures
  Harold (D:8)
  A hydra (Lair:2)
  A bog body (Lair:2)
  An oklob plant (D:10)
  3 ugly things (D:9)
  Joseph (D:9)
  4 cane toads
  A komodo dragon (Lair:1)
  A troll (D:9)
  A wyvern (D:8)
  4 basilisks
  A water moccasin (D:8)
  5 orc warriors
  2 ice beasts
  A black bear (Lair:2)
  2 sky beasts
  5 ogres
  2 centaurs (D:8)
  A phantom (D:9)
  The ghost of highc0 the Vexing, an amateur DEEn (D:3)
  8 bullfrogs
  A gnoll sergeant (D:7)
  4 scorpions
  6 killer bees
  A vampire bat (D:6)
  An electric eel (Lair:1)
  A centaur zombie (D:8)
  A bullfrog zombie (D:9)
  A hound (D:9)
  2 jellies
  4 orc priests
  A centaur skeleton (D:9)
  6 iguanas
  7 orc wizards
  6 worker ants
  A killer bee zombie (D:9)
  7 gnolls
  11 adders
  A shadow imp (D:8)
  2 ufetubi
  2 dart slugs
  9 leopard geckos
  40 orcs
  A ball python (D:4)
  5 bat skeletons (D:6)
  A bat zombie (D:6)
  6 giant cockroaches
  6 goblins
  6 hobgoblins
  13 jackals
  4 quokkas
  5 bats
  7 frilled lizards
  7 kobolds
  A quokka zombie (D:6)
  6 rats
230 creatures vanquished.

Vanquished Creatures (collateral kills)
  An ugly thing (D:9)
1 creature vanquished.

Vanquished Creatures (others)
  19 plants
19 creatures vanquished.

Grand Total: 250 creatures vanquished

Notes
Turn   | Place    | Note
-------+----------+-------------------------------------------
     0 | D:1      | EldarEldrad the Minotaur Berserker began the quest for the
                  | Orb.
     0 | D:1      | Reached XP level 1. HP: 19/19 MP: 0/0
   453 | D:1      | Reached skill level 4 in Axes
   639 | D:1      | Reached XP level 2. HP: 26/26 MP: 1/1
   762 | D:2      | Found a radiant altar of Vehumet.
   810 | D:2      | Found a sparkling altar of Nemelex Xobeh.
   835 | D:2      | Reached skill level 5 in Axes
   933 | D:2      | Reached XP level 3. HP: 26/31 MP: 2/2
  1295 | D:2      | Reached skill level 6 in Axes
  1295 | D:2      | Reached XP level 4. HP: 32/39 MP: 3/3
  1497 | D:2      | Reached ** piety under Trog
  2155 | D:3      | Found a faded altar of an unknown god.
  2484 | D:3      | Found an opulent altar of Gozag.
  2701 | D:3      | Found a glowing silver altar of Zin.
  2888 | D:3      | Found a runed translucent door.
  2957 | D:3      | Found an ornate altar of the Wu Jian Council.
  2957 | D:3      | Found a bloodstained altar of Trog.
  3062 | D:3      | Noticed highc0's ghost (amateur DEEn)
  3074 | D:3      | Killed highc0's ghost
  3075 | D:3      | Reached skill level 7 in Axes
  3075 | D:3      | Reached XP level 5. HP: 45/45 MP: 4/4
  3493 | D:4      | Reached skill level 8 in Axes
  3661 | D:4      | Reached XP level 6. HP: 41/51 MP: 5/5
  3740 | D:4      | Found a white marble altar of Elyvilon.
  4330 | D:5      | Entered Level 5 of the Dungeon
  4424 | D:5      | Reached skill level 9 in Axes
  4619 | D:5      | Noticed an ice beast
  4627 | D:5      | Killed an ice beast
  4628 | D:5      | Reached XP level 7. HP: 32/57 MP: 6/6
  4976 | D:5      | Reached *** piety under Trog
  5344 | D:6      | Reached skill level 10 in Axes
  5758 | D:6      | Reached skill level 11 in Axes
  6186 | D:6      | Found an ancient bone altar of Kikubaaqudgha.
  6304 | D:6      | Got a translucent scale mail
  6315 | D:6      | Identified the +1 scale mail "Zaosues" {Str+3} (You found
                  | it on level 6 of the Dungeon)
  6393 | D:7      | Found a staircase to the Ecumenical Temple.
  6399 | Temple   | Entered the Ecumenical Temple
  6750 | D:7      | Reached XP level 8. HP: 64/64 MP: 7/7
  7163 | D:7      | Reached skill level 12 in Axes
  7425 | D:7      | Reached **** piety under Trog
  7912 | D:8      | Reached skill level 13 in Axes
  8124 | D:8      | Reached skill level 5 in Fighting
  8331 | D:8      | Reached XP level 9. HP: 56/74 MP: 8/8
  8446 | D:8      | Noticed Harold
  8459 | D:8      | Killed Harold
  8460 | D:8      | Reached skill level 14 in Axes
  8460 | D:8      | Reached skill level 5 in Armour
  8884 | D:8      | Found a stormy altar of Qazlal.
  8926 | D:8      | Reached skill level 1 in Evocations
  9046 | D:8      | Found Amustrept's Antique Weapon Boutique.
  9505 | D:9      | Noticed Joseph
  9522 | D:9      | Killed Joseph
  9523 | D:9      | Reached XP level 10. HP: 69/81 MP: 9/9
 10377 | D:9      | Reached ***** piety under Trog
 10616 | D:9      | Got an ivory mace
 10617 | D:9      | Identified the +5 mace "Doaf Cup" {vamp, rF+ Str+3} (You
                  | found it on level 9 of the Dungeon)
 10631 | D:9      | Found a staircase to the Orcish Mines.
 10818 | D:9      | Found an iron altar of Okawaru.
 10918 | D:9      | Found a runed translucent gate.
 10918 | D:9      | Found a runed translucent gate.
 10919 | D:9      | Found a runed translucent gate.
 10920 | D:9      | Noticed a white ugly thing
 10922 | D:9      | Noticed a red ugly thing
 10923 | D:9      | Noticed a brown ugly thing
 10924 | D:9      | Noticed a brown ugly thing
 10934 | D:9      | Found a roughly hewn altar of Beogh.
 11103 | D:9      | Got a brightly glowing flail
 11216 | D:9      | Reached skill level 10 in Armour
 11519 | D:9      | Identified the +10 flail of Moral Flaws {venom, Str+3} (You
                  | found it on level 9 of the Dungeon)
 11543 | D:9      | Killed a purple ugly thing
 11544 | D:9      | Killed a purple ugly thing
 11551 | D:9      | Killed a red ugly thing
 11551 | D:9      | Killed a purple ugly thing
 11652 | D:9      | Found a runed translucent gate.
 11652 | D:9      | Found a runed translucent gate.
 11653 | D:9      | Found a runed translucent gate.
 11653 | D:9      | Noticed KennyOmg's ghost (journeyman MiBe)
 11683 | D:9      | Noticed an orb spider
 11685 | D:9      | an orb spider changed into a human
 11705 | D:10     | Entered Level 10 of the Dungeon
 12076 | D:10     | Found a staircase to the Lair.
 12077 | D:10     | Noticed an oklob plant
 12273 | D:10     | Killed an oklob plant
 12274 | D:10     | Reached skill level 5 in Evocations
 12298 | Lair:1   | Entered Level 1 of the Lair of Beasts
 12315 | Lair:1   | Noticed a cane toad
 12322 | Lair:1   | Killed a cane toad
 12651 | Lair:1   | Noticed a cane toad
 12658 | Lair:1   | Killed a cane toad
 12659 | Lair:1   | Reached XP level 11. HP: 86/86 MP: 10/10
 13226 | Lair:2   | Reached skill level 5 in Shields
 13238 | Lair:2   | Noticed a five-headed hydra
 13248 | Lair:2   | Killed a five-headed hydra
 13678 | Lair:2   | Found a staircase to the Swamp.
 13678 | Lair:2   | Noticed a bog body
 13678 | Lair:2   | Noticed a bog body
 13685 | Lair:2   | Killed a bog body
 13688 | Lair:2   | Demolished by a bog body

Illustrated notes

Levels and vault maps discovered:
D:1:      lemuel_arrival_lava_pool, layout_basic
D:2:      kb_forest_paths, layout_rooms, lemuel_crystal_altar,
          nemelex_altar_shiori, serial_co_window_serial, co_window_paths_a,
          co_window_paths_b, co_window_corner_a, co_window_paths_a,
          co_window_of_opportunity_a, co_window_corner_b,
          co_window_of_opportunity_c, glass_columns_c, glass_columns_a,
          solitary_fountain
D:3:      layout_basic, pdpol_temple_overflow_zin_treasury_gozag_greed,
          amethyst_overflow_temple_binary, ebering_ghost_reflecting_pool,
          chequers_ecumenical_altar_simple
D:4:      layout_loops_ring, elyvilon_altar_3, minmay_lizard_king
D:5:      layout_loops_corners
D:6:      layout_rooms, kennysheep_vampire_church
D:7:      layout_basic, minmay_temple_entry_crystal_x
D:8:      layout_loops_ring, serial_shops, nicolae_shop_behind_doors,
          nicolae_qazlal_general_emergency, uniq_harold
D:9:      layout_roguey [special_room_orc], okawaru_gym_becter, orc_0_dummy,
          ploomutoo_gammafunk_ghost_potion_laboratory, uniq_joseph
D:10:     layout_irregular_city, dpeg_oklobed_lair
Temple:   oiseaux_autumnal_temple
Lair:1:   layout_misc_corridors, serial_bayou_shore_a
Lair:2:   layout_loops_ring, skrybe_swamp_entry_bodies,
          chequers_serial_rivers_large_b, serial_bayou_shore_b

Skill      XL: |  1  2  3  4  5  6  7  8  9 10 11 |
---------------+----------------------------------+-----
Axes           | 4 5 6 7 8 9 11 13 14 | 14.0
Fighting       | 5 |  5.0
Armour         | 8 12 | 12.0
Evocations     | 2 5 |  5.0
Shields        | 3 7 |  7.5
Dodging        | |  2.1

Action                   |  1- 3 |  4- 6 |  7- 9 | 10-12 || total
-------------------------+-------+-------+-------+-------++-------
Melee: Hand axe          |    53 |   133 |   223 |       ||   409
       Headbutt          |     9 |    26 |    50 |    57 ||   142
       War axe           |       |       |    73 |   128 ||   201
       Flail             |       |       |       |    82 ||    82
Throw: Stone             |    13 |    80 |     3 |       ||    96
       Dart              |       |       |     3 |       ||     3
Invok: Trog's Hand       |       |     2 |     2 |     2 ||     6
       Berserk           |       |     1 |     4 |     2 ||     7
       Brothers in Arms  |       |       |       |     1 ||     1
Evoke: Wand              |       |     1 |       |       ||     1
  Use: Scroll            |       |       |    11 |     1 ||    12
       Potion            |       |       |     1 |     1 ||     2
Armor: Animal skin       |     1 |       |       |       ||     1
       Leather armour    |     5 |    16 |       |       ||    21
       Ring mail         |       |     1 |    30 |       ||    31
       Scale mail        |       |       |    60 |    71 ||   131
Dodge: Dodged            |    36 |    61 |   139 |    74 ||   310

Table legend: (Time is in decaauts)
 A = Elapsed time spent in this place.
 B = Non-inter-level travel time spent in this place.
 C = Inter-level travel time spent in this place.
 D = Time resting spent in this place.
 E = Time spent auto-exploring this place.
 F = Levels seen in this place.
 G = Mean time per level.
                   A        B        C        D        E       F      G
               +--------+--------+--------+--------+--------+-----+--------+
         Total |  13664 |  13246 |    418 |   3110 |   8079 |  13 | 1051.1 |
       Dungeon |  11912 |  11558 |    354 |   2724 |   6935 |  10 | 1191.2 |
        Temple |    339 |    302 |     37 |      0 |    300 |   1 |  339.0 |
          Lair |   1412 |   1386 |     26 |    386 |    844 |   2 |  706.0 |
               +--------+--------+--------+--------+--------+-----+--------+

Top non-repeatable levels by time:
     D:8: 2142 daAuts
     D:9: 1622 daAuts
     D:2: 1344 daAuts
     D:4: 1202 daAuts
     D:7: 1188 daAuts
     D:3: 1090 daAuts
     D:6: 1023 daAuts
     D:5: 1002 daAuts
  Lair:1: 793 daAuts
     D:1: 705 daAuts
  Lair:2: 619 daAuts
    D:10: 591 daAuts
  Temple: 339 daAuts
